 Dungeon Crawl Stone Soup version 0.31-a0-750-gfe7b580527 (webtiles) character file.

Game seed: 7633314472236940604

1052 LeprechaunX the Changeling (level 8, -2/52 (54) HPs)
             Began as an Octopode Shapeshifter on Sept 14, 2023.
             Slain by an orc
             ... wielding a +2 whip of holy wrath
              (4 damage)
             ... on level 6 of the Dungeon.
             The game lasted 00:07:54 (4466 turns).

LeprechaunX the Changeling (Octopode Shapeshifter)  Turns: 4466, Time: 00:07:54

HP:   -2/52 (54)    AC:  1    Str: 16    XL:     8   Next: 26%
MP:   8/8           EV: 14    Int: 12    God:
Gold: 198           SH:  5    Dex: 11    Spells: 7/7 levels left

rFire   . .          .
                       - Unarmed
rCold   + . .        (no shield)
rNeg    . . .        (helmet currently unavailable)
rPois   .            o - amulet of reflection
rElec   .            m - ring of protection from cold
rCorr   .            (no ring)
SInv    .            (no ring)
Will    .....        (no ring)
Stlth   ++           (no ring)
HPRegen 0.28/turn    (no ring)
MPRegen 0.11/turn    (no ring)
                     (no ring)

%: reflection
@: beast-form, lightly drained
A: beast (slay +3), almost no armour, amphibious, 8 rings, camouflage 1,
gelatinous body 1, (nimble swimmer 1), tentacles
a: Begin Untransformation


You were on level 6 of the Dungeon.
You were a hulking beast.
You visited 1 branch of the dungeon, and saw 6 of its levels.

You collected 198 gold pieces.

Inventory:

Missiles
 w - 4 silver javelins (quivered)
Jewellery
 m - a ring of protection from cold (left tentacle)
 o - an amulet of reflection (around mantle)
 x - an amulet of regeneration
Talismans
 b - a beast talisman (active)
 c - a flux talisman
Wands
 y - a wand of charming (8)
Scrolls
 f - a scroll of amnesia
 h - a scroll of immolation
 i - 2 scrolls of enchant armour {unknown}
 j - 2 scrolls of fear {unknown}
 k - 4 scrolls of teleportation
 l - 2 scrolls of enchant weapon {unknown}
 n - a scroll of torment {unknown}
 p - a scroll of butterflies {unknown}
 r - a scroll of blinking {unknown}
 s - a scroll of revelation {unknown}
 u - a scroll of vulnerability {unknown}
 z - 2 scrolls of identify
Potions
 a - a potion of lignification
 d - a potion of berserk rage {unknown}
 e - 3 potions of enlightenment
 g - 2 potions of curing
 q - a potion of cancellation {unknown}
 t - a potion of brilliance {unknown}
 v - 2 potions of resistance {unknown}
 A - a potion of ambrosia {unknown}
 B - a potion of mutation {unknown}
 C - a potion of magic {unknown}


   Skills:
 + Level 4.3 Fighting
 - Level 4.0 Dodging
 + Level 5.2 Unarmed Combat
 * Level 6.3 Shapeshifting


You had 7 spell levels left.
You didn't know any spells.
Your spell library was empty.

Dungeon Overview and Level Annotations

Branches:
Dungeon (6/15)
 Temple: D:4-7

Altars:
Cheibriados
Ru
Zin

Annotations:
D:6 Jeremiah


Innate Abilities, Weirdness & Mutations

You are a hulking beast.
Your limbs bulge with bestial killing power. (Slay +3)
You cannot wear most types of armour.
You are amphibious.
You can wear up to eight rings at the same time.
Your skin changes colour to match your surroundings (Stealth+).
Your rubbery body absorbs attacks. (AC +1, EV +1)
((You are camouflaged when in or above water. (Stealth+)))
You have tentacles for arms and can constrict up to eight enemies at once.


Message History

Failed to move towards target.
Failed to move towards target.
Failed to move towards target.
Failed to move towards target.
Failed to move towards target.
Failed to move towards target.
Failed to move towards target.
Failed to move towards target.
Failed to move towards target.
Failed to move towards target.
Failed to move towards target.
Failed to move towards target.
Failed to move towards target.
Failed to move towards target.
Failed to move towards target.
Failed to move towards target.
Failed to move towards target.
Unknown command.
Things that are here:
a +0 club; an orc corpse The orc attacks as it pursues you!
The orc hits you with a +0 short sword.
You miss the butterfly. Your grab misses the butterfly. You bludgeon the orc!
You kill the orc!
You see here a +0 dagger.
The butterfly disappears in a burst of colours!
Jeremiah mumbles a slurred invocation.
Something smites you!
* * * LOW HITPOINT WARNING * * *
The orc attacks as it pursues you! The orc barely misses you.
Items here: )) [ ††.
Jeremiah shouts, "O dreadful one, destroy my foe!"
Something smites you!
* * * LOW HITPOINT WARNING * * *
The orc attacks as it pursues you! You block the orc's attack.
You tentacle-slap the orc. You grab the orc.
The orc is moderately wounded.
You constrict the orc.
The orc hits you with a +2 whip of holy wrath.
You die...

#.....###.... #.....#.#..
###.....#... .........b#
......bb..# #..FbFb)#
#....#.#)###
........#.).####.#
########
##...##.#b.oh....#
........
............######o
#........ ##.
.#.........###.##........
#
#.#.#####.#..>..........
#.#.# #.#........##..[ #
#. #.#............. #.
#.#........##...
#.#.......###...
#.#####.######...÷.#.#


You could see Jeremiah and an orc.

Vanquished Creatures
  4 black bears
  A centaur (D:3)
  A phantom (D:5)
  Blork the orc (D:5)
  A bullfrog (D:6)
  2 jellies (D:5)
  A gnoll bouda (D:5)
  An iguana (D:5)
  3 sleepcaps
  An orc wizard (D:4)
  5 adders
  4 gnolls (D:5)
  An ufetubus (D:6)
  5 dart slugs
  21 orcs
  5 endoplasms
  2 giant cockroaches
  7 goblins
  3 hobgoblins
  6 quokkas (D:1)
  8 ball pythons
  6 bats
  2 frilled lizards
  4 kobolds
  4 rats
99 creatures vanquished.

Notes
Turn   | Place    | Note
-------+----------+-------------------------------------------
     0 | D:1      | LeprechaunX the Octopode Shapeshifter began the quest for
                  | the Orb.
     0 | D:1      | Reached XP level 1. HP: 13/13 MP: 1/1
   104 | D:1      | Reached XP level 2. HP: 13/18 MP: 2/2
   420 | D:1      | Reached XP level 3. HP: 22/23 MP: 3/3
   646 | D:1      | Found a faded altar of an unknown god.
  1605 | D:2      | Reached XP level 4. HP: 8/29 MP: 4/4
  1954 | D:3      | Noticed a centaur
  1959 | D:3      | Killed a centaur
  1960 | D:3      | Reached skill level 4 in Shapeshifting
  1960 | D:3      | Reached XP level 5. HP: 20/34 MP: 5/5
  2730 | D:4      | Found a sacrificial altar of Ru.
  2743 | D:4      | Reached XP level 6. HP: 33/41 MP: 6/6
  2852 | D:4      | Noticed a black bear
  2859 | D:4      | Killed a black bear
  3193 | D:5      | Entered Level 5 of the Dungeon
  3232 | D:5      | Reached skill level 5 in Shapeshifting
  3241 | D:5      | Reached XP level 7. HP: 19/46 MP: 7/7
  3453 | D:5      | Noticed Blork the orc
  3609 | D:5      | Killed Blork the orc
  3785 | D:5      | Found a snail-covered altar of Cheibriados.
  3790 | D:5      | Found a glowing silver altar of Zin.
  4046 | D:5      | Reached skill level 5 in Unarmed Combat
  4046 | D:5      | Reached skill level 6 in Shapeshifting
  4046 | D:5      | Reached XP level 8. HP: 52/54 MP: 8/8
  4455 | D:6      | Noticed Jeremiah
  4465 | D:6      | HP: 2/52 [Jeremiah/divine providence (14)]
  4466 | D:6      | Slain by an orc

Illustrated notes

Levels and vault maps discovered:
D:1:      heliophobic_arrival_glass_houses, layout_loops_ring,
          shapermc_ecumenical_altar_petra, ebering_dispersal_statue_hall
D:2:      layout_basic
D:3:      layout_rooms, serial_bayou_lagoon_a
D:4:      layout_cave_pools, nicolae_ru_great_annihilating_truth
D:5:      layout_rooms, mainiacjoe_overflow_catwalk_spiral, uniq_blork_the_orc
D:6:      layout_basic, minmay_temple_entry_butterflies, uniq_menkaure,
          uniq_jeremiah

Skill      XL: |  1  2  3  4  5  6  7 |
---------------+----------------------+-----
Fighting       | 2 3 4 |  4.3
Shapeshifting  | 4 5 6 |  6.3
Dodging        | 3 4 |  4.0
Unarmed Combat | 4 5 |  5.2

Action                     |  1- 3 |  4- 6 |  7- 9 || total
---------------------------+-------+-------+-------++-------
  Melee: Unarmed           |    62 |    91 |    66 ||   219
         Constrict         |    19 |    25 |    16 ||    60
         Tentacles         |    10 |    18 |    15 ||    43
         Punch             |     2 |     3 |     3 ||     8
    Use: Scroll            |       |     6 |       ||     6
         Potion            |       |     1 |       ||     1
   Stab: Sleeping          |     9 |     8 |     2 ||    19
         Paralysed         |       |     1 |       ||     1
 Armour: Skin              |    27 |    44 |    34 ||   105
  Dodge: Dodged            |    34 |    39 |    29 ||   102
  Block: Other             |       |    17 |    12 ||    29

Table legend: (Time is in decaauts)
 A = Elapsed time spent in this place.
 B = Non-inter-level travel time spent in this place.
 C = Inter-level travel time spent in this place.
 D = Time resting spent in this place.
 E = Time spent auto-exploring this place.
 F = Levels seen in this place.
 G = Mean time per level.
                   A        B        C        D        E       F      G
               +--------+--------+--------+--------+--------+-----+--------+
         Total |   4448 |   4283 |    165 |    109 |   3443 |   6 |  741.3 |
       Dungeon |   4448 |   4283 |    165 |    109 |   3443 |   6 |  741.3 |
               +--------+--------+--------+--------+--------+-----+--------+

Top non-repeatable levels by time:
     D:2: 1168 daAuts
     D:5: 903 daAuts
     D:1: 836 daAuts
     D:4: 642 daAuts
     D:3: 537 daAuts
     D:6: 361 daAuts
